 Dungeon Crawl Stone Soup version 0.29-a0-994-gc5c9f59d18 (webtiles) character file.

Game seed: 15773330385056966729

27 vurker the Ducker (level 2, -3/24 HPs)
             Began as a Minotaur Enchanter on Aug 3, 2022.
             Slain by a worm (9 damage)
             ... on level 2 of the Dungeon.
             The game lasted 00:01:15 (1490 turns).

vurker the Ducker (Minotaur Enchanter)              Turns: 1490, Time: 00:01:16

Health: -3/24      AC:  3    Str: 12    XL:     2   Next: 93%
Magic:  0/3        EV: 13    Int: 12    God:
Gold:   64         SH:  0    Dex: 16    Spells: 3/3 levels left

rFire   + . .      SeeInvis .   a - +1 dagger
rCold   . . .      Faith    .   (no shield)
rNeg    . . .      Spirit   +   b - +0 robe
rPois   .          Reflect  .   j - +1 hat of the Ward {+Blink rF+ Dex+6}
rElec   .          Harm     .   (no cloak)
rCorr   .          Rampage  .   (no gloves)
Will    .....                   (no boots)
Stlth   ++........              d - amulet of guardian spirit
HPRegen 0.08/turn               (no ring)
MPRegen 0.08/turn               (no ring)

@: no status effects
A: horns 2, retaliatory headbutt
a: Evoke Blink


You were on level 2 of the Dungeon.
You visited 1 branch of the dungeon, and saw 2 of its levels.

You collected 64 gold pieces.

Inventory:

Hand Weapons
 a - a +1 dagger (weapon)
Armour
 b - a +0 robe (worn)
 j - the +1 hat of the Ward (worn) {+Blink rF+ Dex+6}
   (You found it on level 2 of the Dungeon)

   Dex:       It affects your dexterity (+6).
   rF:        It protects you from fire.
   +Blink:    It lets you blink.
Jewellery
 d - an amulet of guardian spirit (around neck)
   (You found it on level 1 of the Dungeon)
Scrolls
 f - 2 scrolls of vulnerability {unknown}
 i - a scroll of enchant armour {unknown}
Potions
 c - 2 potions of invisibility
 e - 2 potions of heal wounds {unknown}
 g - a potion of brilliance {unknown}
 h - a potion of resistance {unknown}


   Skills:
 * Level 2.2 Fighting
 - Level 1.1 Short Blades
 + Level 1.3 Armour
 + Level 2.6 Dodging
 - Level 2.4 Stealth
 - Level 1.3 Spellcasting
 - Level 2.0 Hexes


You had 3 spell levels left.
You didn't know any spells.
Your spell library contained the following spells:

 Spells                   Type           Power      Damage    Failure   Level
 Ensorcelled Hibernation  Hex/Ice        6%         N/A       28%         2
 Confusing Touch          Hex            5%         N/A       36%         3
 Tukima's Dance           Hex            5%         N/A       36%         3
 Passwall                 Tmut/Erth      0%         N/A       41%         2
 Dazzling Flash           Conj/Hex       6%         N/A       50%         3
 Swiftness                Air            0%         N/A       65%         3


Dungeon Overview and Level Annotations

Branches:
Dungeon (2/15)

Altars:


Innate Abilities, Weirdness & Mutations

You have a pair of horns on your head.
You reflexively headbutt those who attack you in melee.


Message History

A rat is nearby!
A bat comes into view.
The bat hits you.
You miss the bat. The bat misses you. The rat closely misses you.
You hit the rat but do no damage. The bat hits you. The rat bites you.
You closely miss the rat. The bat completely misses you.
The rat barely misses you.
You closely miss the bat. The bat misses you.
The bat hits you but does no damage. The rat barely misses you.
You barely miss the bat. The bat barely misses you.
The rat bites you but does no damage.
You hit the rat.
You kill the rat!
You hit the bat. The bat hits you but does no damage. The bat misses you.
You hit the bat.
You kill the bat!
No target in view!
No target in view!
No target in view!
No target in view!
No target in view!
No target in view!
No target in view!
No target in view!
No target in view!
No target in view!
No target in view!
No target in view!
No target in view!
No target in view!
You see here a rat corpse.
A dart slug comes into view.
A dart slug is nearby!
A worm comes into view.
The dart slug launches a dart at you. The slug dart hits you.
The dart slug launches a dart at you. The slug dart hits you.
The dart slug launches a dart at you. The slug dart hits you.
You hit the worm. You headbutt the worm. You hit the worm.
The worm barely misses you.
You hit the worm. You barely miss the worm. The worm bites you.
* * * LOW HITPOINT WARNING * * *
You barely miss the worm. The worm bites you!
* * * LOW HITPOINT WARNING * * *
You hit the worm. You headbutt the worm. You completely miss the worm.
The worm bites you!
You die...

#..+ ###...#
##.####...#'#
#..#...###.#
##...###...##
#.###...#..#
#####...####.#
###.#...#+#
#..
###...##.##
##.
#@..#..#..# #.
#ww.####.##.##
## #...###
+.†#..# ###.
##.#
##.##.####...
#.
#..#..#...## #
##.##...###
#...'.###
#...#####
#...##


You could see a worm and a dart slug.

Vanquished Creatures
  A dart slug (D:2)
  4 bats
  2 endoplasms (D:1)
  A giant cockroach (D:1)
  4 goblins (D:1)
  2 hobgoblins (D:1)
  A kobold (D:1)
  4 ball pythons (D:1)
  3 rats
22 creatures vanquished.

Notes
Turn   | Place    | Note
-------+----------+-------------------------------------------
     0 | D:1      | vurker the Minotaur Enchanter began the quest for the Orb.
     0 | D:1      | Reached XP level 1. HP: 14/14 MP: 1/1
   280 | D:1      | Reached skill level 1 in Fighting
   348 | D:1      | Reached XP level 2. HP: 23/23 MP: 3/3
   473 | D:1      | Reached skill level 1 in Armour
  1196 | D:2      | Identified the +1 hat of the Ward {+Blink rF+ Dex+6}
  1490 | D:2      | Slain by a worm

Illustrated notes

Levels and vault maps discovered:
D:1:      saegor_arrival_miasma, layout_basic, chequers_serial_rivers_marsh
D:2:      minmay_skewed_foursquare, layout_loops_corners

Skill      XL: |  1  2 |
---------------+-------+-----
Fighting       | 1 2 |  2.2
Armour         | 1 |  1.3
Short Blades   | |  1.1
Dodging        | |  2.6
Stealth        | |  2.4
Spellcasting   | |  1.3
Hexes          | |  2.0

Action                   || total
-------------------------++-------
Melee: Dagger            ||    52
       Headbutt          ||     5
       Punch             ||     2
 Stab: Sleeping          ||     8
Armor: Robe              ||     7
Dodge: Dodged            ||    24

Table legend: (Time is in decaauts)
 A = Elapsed time spent in this place.
 B = Non-inter-level travel time spent in this place.
 C = Inter-level travel time spent in this place.
 D = Time resting spent in this place.
 E = Time spent auto-exploring this place.
 F = Levels seen in this place.
 G = Mean time per level.
                   A        B        C        D        E       F      G
               +--------+--------+--------+--------+--------+-----+--------+
         Total |   1487 |   1448 |     39 |      0 |   1266 |   2 |  743.5 |
       Dungeon |   1487 |   1448 |     39 |      0 |   1266 |   2 |  743.5 |
               +--------+--------+--------+--------+--------+-----+--------+

Top non-repeatable levels by time:
     D:1: 1187 daAuts
     D:2: 299 daAuts
